 Dungeon Crawl Stone Soup version 0.31-b1-22-gc680215f68 (webtiles) character file.

Game seed: 10867135079017838829

1922 raph the Arsonist (level 8, -8/45 HPs)
             Began as a Deep Elf Fire Elementalist on Jan 18, 2024.
             Was a Follower of Sif Muna.
             Killed by an exploding lemure (37 damage)
             ... ignited by their inner flame
             ... on level 6 of the Dungeon.
             The game lasted 00:13:18 (8278 turns).

raph the Arsonist (Deep Elf Fire Elementalist)      Turns: 8278, Time: 00:13:19

Health: -8/45      AC:  6    Str:  5    XL:     8   Next: 96%
Magic:  9/20       EV: 18    Int: 23    God:    Sif Muna [*.....]
Gold:   302        SH:  0    Dex: 15    Spells: 3/20 levels left

rFire   . . .        a - +3 dagger (venom)
rCold   . . .        (no shield)
rNeg    . . .        c - +0 robe
rPois   .            (no helmet)
rElec   .            (no cloak)
rCorr   +            l - +0 pair of gloves
SInv    .            g - +2 pair of boots
Will    .....        (no amulet)
Stlth   ++           h - +5 ring of evasion
HPRegen 0.27/turn    u - ring of resist corrosion
MPRegen 0.17/turn

%: no passive effects
@: no status effects
A: no striking features
a: Renounce Religion, Channel Magic


You were on level 6 of the Dungeon.
You worshipped Sif Muna.
Sif Muna was aware of your devotion.
You visited 2 branches of the dungeon, and saw 7 of its levels.
You also visited: Ossuary.

You collected 302 gold pieces.

Inventory:

Hand Weapons
 a - a +3 dagger of venom (weapon)
 b - the +3 trident of Myuqaa Losk {venom, SInv}
   (You found it on level 4 of the Dungeon)

   SInv:      It lets you see invisible.
 r - a +0 dagger of protection
 x - a +3 dagger of venom
Missiles
 i - a throwing net
Armour
 c - a +0 robe (worn)
 g - a +2 pair of boots (worn)
 l - a +0 pair of gloves (worn)
Jewellery
 f - an amulet of faith
 h - a +5 ring of evasion (left hand)
 s - a ring of flight
 u - a ring of resist corrosion (right hand)
Talismans
 q - a serpent talisman
Wands
 j - a wand of charming (6)
 t - a wand of mindburst (12)
Scrolls
 o - 3 scrolls of poison
 v - 2 scrolls of fear
 w - a scroll of identify
 y - a scroll of immolation
 B - a scroll of summoning
 C - a scroll of teleportation
Potions
 d - a potion of cancellation
 e - 2 potions of magic
 k - a potion of mutation
 m - 4 potions of might
 n - a potion of brilliance
 p - 3 potions of curing
 z - a potion of degeneration {unknown}
 A - a potion of resistance {unknown}


   Skills:
 + Level 2.8 Fighting
 - Level 0.1 Short Blades
 + Level 4.2 Dodging
 - Level 3.4 Stealth
 + Level 6.8 Spellcasting
 * Level 5.4 Conjurations
 - Level 0.1 Hexes
 * Level 8.3 Fire Magic
 + Level 2.3 Alchemy
 + Level 2.3 Invocations


You had 3 spell levels left.
You knew the following spells:

 Your Spells              Type           Power      Damage    Failure   Level
a - Foxfire               Conj/Fire      100%       2x1d9     1%          1
b - Scorch                Fire           92%        2d8       1%          2
c - Inner Flame           Hex/Fire       27%        N/A       4%          3
d - Volatile Blastmotes   Fire/Tloc      54%        2d14      4%          3
e - Flame Wave            Conj/Fire      39%        2d11      4%          4
f - Sticky Flame          Fire/Alch      32%        2d7       9%          4

Your spell library contained the following spells:

 Spells                   Type           Power      Damage    Failure   Level
 Kiss of Death            Conj/Necr      80%        2d11      2%          1
 Hailstorm                Conj/Ice       20%        3d7       8%          3
 Cigotuvi's Dreadful Rot  Necr/Alch/Air  22%        N/A       9%          2
 Lesser Beckoning         Tloc           14%        N/A       12%         2
 Confusing Touch          Hex            8%         N/A       22%         3
 Gell's Gravitas          Tloc           7%         N/A       24%         3
 Summon Ice Beast         Ice/Summ       7%         N/A       24%         3
 Teleport Other           Tloc           7%         N/A       24%         3
 Ignite Poison            Fire/Alch      32%        N/A       9%          4
 Iskenderun's Battlesphe  Conj           33%        2d9       22%         5
 Dispel Undead            Necr           7%         3d8       61%         4
 Martyr's Knell           Necr/Summ      7%         N/A       61%         4
 Bombard                  Conj/Erth      10%        9d2       98%         6
 Death Channel            Necr           3%         N/A       100%        6
 Sculpt Simulacrum        Ice/Alch       6%         N/A       100%        6
 Spellforged Servitor     Conj/Summ      10%        N/A       100%        7
 Ignition                 Fire           23%        3d8       100%        8
 Chain Lightning          Conj/Air       10%        3d13      100%        9
 Fire Storm               Conj/Fire      19%        8d5       100%        9
 Shatter                  Erth           3%         3d7*      100%        9


Dungeon Overview and Level Annotations

Branches:
Dungeon (6/15)             Temple (1/1) D:4         Ossuary (visited)

Altars:
Dithmenos
Elyvilon
Fedhas
Gozag
Hepliaklqana
Kikubaaqudgha
Makhleb
Nemelex Xobeh
Okawaru
Qazlal
Sif Muna
Trog
Uskayaw
Vehumet
Wu Jian
Xom
Yredelemnul
Zin
The Shining One


Message History

Casting: Foxfire (safe; 1% risk of failure)
Confirm with . or Enter, or press ? or * to list all spells.
You conjure some foxfire!
The foxfire hits Pikel.
Pikel is lightly wounded.
The foxfire hits Pikel.
Pikel is moderately wounded.
The foxfire hits the lemure.
Flame seeps out of the lemure.
The lemure is severely wounded.
The foxfire hits the lemure.
The lemure is lightly wounded.
Pikel attacks as he pursues you! Pikel closely misses you.
Casting: Foxfire (safe; 1% risk of failure)
Confirm with . or Enter, or press ? or * to list all spells.
Casting: Flame Wave (dangerous; 4% risk of failure)
Press: ? - help, Dir - look around, f - activate A wave of flame ripples out!
The flame wave engulfs Pikel!
Pikel is severely wounded. (Press . to intensify the flame waves.) Pikel hits you with a +2 whip of electrocution.
You are electrocuted!
The lemure is engulfed in blazing flames.
Flame seeps out of the lemure.
A wave of flame ripples out!
The flame wave engulfs the lemure!
That felt strangely unrewarding.
The flame wave engulfs Pikel!
Pikel is almost dead.
The flame wave engulfs the lemure.
The lemure is lightly wounded.
The flame wave engulfs the lemure!
The lemure is heavily wounded.
The lemure explodes!
The fiery explosion engulfs the lemure!!
You kill the lemure!
That felt strangely unrewarding.
The fiery explosion engulfs Pikel!!
You kill Pikel!
Sif Muna accepts your kill.
The fiery explosion engulfs the lemure!!
You kill the lemure!
That felt strangely unrewarding.
The fiery explosion engulfs you!!!
Ouch! That really hurt!
You die...

..... ....... .........
?.... ....#.... ........
.....# ......... .......
...... ......... #.....
..[...##.....#..####...#.
.....5.......#..#.#......
......§§§...............#
#....§§§.......#....##..
####.##@..........####.#
# #.......#....# ###
##..##..#...##
##..###.....#
#...##.....##
#...#.)..### #........#
#.......## ###.#.###


You could see a lemure.

Vanquished Creatures
  Pikel (D:6)
  Prince Ribbit (D:5)
  A black bear (D:5)
  An ice beast (D:6)
  A sky beast (D:6)
  An ogre (D:4)
  3 lemures (D:6)
  A phantom (D:5)
  Blork the orc (D:6)
  5 scorpions
  A burial acolyte (Ossuary)
  2 centaur zombies (Ossuary)
  2 human zombies (Ossuary)
  A hound (D:6)
  2 jellies (D:6)
  2 bombardier beetles
  An orc priest (D:5)
  3 sleepcaps
  2 iguanas
  Terence (D:3)
  2 orc wizards
  A crocodile zombie (Ossuary)
  A bullfrog simulacrum (Ossuary)
  3 hound zombies (Ossuary)
  3 mummies (Ossuary)
  4 gnolls (D:3)
  5 adders
  A shadow imp (D:6)
  3 white imps
  6 adder zombies (Ossuary)
  4 dart slugs
  A ribbon worm (D:2)
  18 orcs
  5 bats
  5 endoplasms
  3 giant cockroaches
  9 goblins
  3 hobgoblins
  7 jackals
  4 kobolds
  5 quokkas
  10 ball pythons
  5 ball python zombies (Ossuary)
  2 gnoll zombies (Ossuary)
  5 jackal zombies (Ossuary)
  A kobold zombie (Ossuary)
  An orc zombie (Ossuary)
  A quokka zombie (D:6)
  4 rats
  A rat zombie (D:6)
156 creatures vanquished.

Vanquished Creatures (others)
  366 foxfires
366 creatures vanquished.

Grand Total: 522 creatures vanquished

Notes
Turn   | Place    | Note
-------+----------+-------------------------------------------
     0 | D:1      | raph the Deep Elf Fire Elementalist began the quest for the
                  | Orb.
     0 | D:1      | Reached XP level 1. HP: 10/10 MP: 6/6
   268 | D:1      | Reached XP level 2. HP: 15/15 MP: 4/8
   323 | D:1      | Learned a level 2 spell: Scorch
   657 | D:1      | Reached skill level 4 in Fire Magic
   688 | D:1      | Reached XP level 3. HP: 19/19 MP: 6/9
  1609 | D:2      | Learned a level 3 spell: Inner Flame
  1617 | D:2      | Found a hazy altar of Hepliaklqana.
  2319 | D:3      | Found a faded altar of an unknown god.
  2347 | D:3      | Reached XP level 4. HP: 24/24 MP: 6/11
  3306 | D:3      | Learned a level 3 spell: Volatile Blastmotes
  3327 | D:3      | Reached skill level 5 in Fire Magic
  3951 | D:3      | Reached XP level 5. HP: 28/28 MP: 9/13
  4140 | D:3      | Noticed Terence
  4146 | D:3      | Killed Terence
  4743 | D:4      | Identified the +3 trident of Myuqaa Losk {venom, SInv}
  4887 | D:4      | Reached XP level 6. HP: 33/33 MP: 6/14
  5029 | D:4      | Reached skill level 6 in Fire Magic
  5205 | D:4      | Identified the +12 whip of Tenacity {speed, Str+3 Dex+4}
  5238 | D:4      | Reached skill level 5 in Spellcasting
  5314 | D:4      | Reached skill level 1 in Fighting
  5518 | D:4      | Found a staircase to the Ecumenical Temple.
  5522 | Temple   | Entered the Ecumenical Temple
  5541 | Temple   | Became a worshipper of Sif Muna the Loreminder
  5727 | D:4      | Reached XP level 7. HP: 38/38 MP: 10/17
  5846 | D:5      | Entered Level 5 of the Dungeon
  5906 | D:5      | Reached skill level 7 in Fire Magic
  6108 | D:5      | Learned a level 4 spell: Flame Wave
  6451 | D:5      | Found a blossoming altar of Fedhas.
  6737 | D:5      | Learned a level 4 spell: Sticky Flame
  6767 | D:5      | Found a bloodstained altar of Trog.
  6768 | D:5      | Found a burning altar of Makhleb.
  6813 | D:6      | Noticed Prince Ribbit
  6819 | D:6      | Reached XP level 8. HP: 44/44 MP: 9/19
  6828 | D:5      | Killed Prince Ribbit
  6829 | D:5      | Reached skill level 1 in Alchemy
  6829 | D:5      | Reached skill level 1 in Invocations
  7135 | D:6      | Found a sand-covered staircase.
  7167 | Ossuary  | Entered an ossuary
  7185 | Ossuary  | Reached * piety under Sif Muna
  7198 | Ossuary  | Reached skill level 5 in Conjurations
  7198 | Ossuary  | Reached skill level 8 in Fire Magic
  8218 | D:6      | Noticed Blork the orc
  8226 | D:6      | Killed Blork the orc
  8270 | D:6      | Noticed Pikel
  8278 | D:6      | Killed Pikel
  8278 | D:6      | Killed by an exploding lemure... ignited by their inner
                  | flame

Illustrated notes

Levels and vault maps discovered:
D:1:      ncdulo_lavacross, layout_basic
D:2:      layout_loops_ring, basic_altar, grunt_decor_fettered, minmay_puff
D:3:      layout_rooms, nicolae_ecumenical_oubliette, wad_orctagon,
          uniq_terence, uniq_crazy_yiuf_cottage
D:4:      layout_gridville, temple_hall_moat
D:5:      layout_loops_ring, nicolae_overflow_hidden_temple
D:6:      layout_cave_pools, enter_ossuary_4, uniq_blork_the_orc, uniq_pikel,
          uniq_prince_ribbit1
Temple:   nicolae_temple_slightly_damp_pantheon

Skill      XL: |  1  2  3  4  5  6  7  8 |
---------------+-------------------------+-----
Fire Magic     | 4 5 6 7 8 |  8.3
Conjurations   | 2 3 4 5 |  5.4
Spellcasting   | 4 5 6 |  6.8
Stealth        | 3 |  3.4
Fighting       | 1 2 |  2.8
Dodging        | 3 4 |  4.2
Alchemy        | 2 |  2.3
Invocations    | 2 |  2.3
Short Blades   | |  0.1
Hexes          | |  0.1

Action                     |  1- 3 |  4- 6 |  7- 9 || total
---------------------------+-------+-------+-------++-------
  Melee: Dagger            |     2 |     1 |     3 ||     6
   Cast: Foxfire           |    39 |    81 |    83 ||   203
         Scorch            |    26 |    24 |    23 ||    73
         Inner Flame       |       |     1 |     7 ||     8
         Volatile Blastmot |       |     1 |       ||     1
         Flame Wave        |       |       |    11 ||    11
 Invoke: Channel Magic     |       |       |     2 ||     2
    Use: Scroll            |       |    10 |     3 ||    13
   Stab: Sleeping          |       |     1 |       ||     1
 Armour: Robe              |    10 |     4 |     6 ||    20
  Dodge: Dodged            |    16 |     6 |    14 ||    36
